 Dungeon Crawl Stone Soup version 0.31-a0-986-g5e6e4ef867 (webtiles) character file.

Game seed: 11175914311446577871

261246 odbg100 the Executioner (level 19, -9/187 HPs)
             Began as a Hill Orc Fighter on Nov 15, 2023.
             Was a High Priest of Okawaru.
             Engulfed by a pearl dragon's blessed fire (11 damage)
             ... on level 3 of the Abyss.
             The game lasted 02:24:27 (33544 turns).

odbg100 the Executioner (Hill Orc Fighter)         Turns: 33544, Time: 02:24:27

Health: -9/187     AC: 14    Str: 27    XL:     19   Next: 95%
Magic:  23/27      EV: 29    Int:  8    God:    Okawaru [*****.]
Gold:   429        SH:  0    Dex: 10    Spells: 18/18 levels left

rFire   + + .        o - melded +8 frozen axe "Frostbite" {freeze, freezing cloud, *Noise Fly rC+}
rCold   + + .        (shield currently unavailable)
rNeg    + + +        M - melded +7 plate armour of Impressiveness {*Slow rN+++ rCorr Str+2}
rPois   ∞            n - melded +0 helmet of the Enchanted Forest {rElec rF++ rN+++ Int-4}
rElec   +            Z - melded +1 cloak of Starlight {*Dazzle EV+4 Stlth--}
rCorr   +            R - melded +2 pair of gloves
SInv    .            x - melded +0 pair of boots
Will    +....        H - melded amulet of regeneration
Stlth   +++          X - melded ring of the Tortoise {AC+8}
HPRegen 0.51/turn    h - melded ring "Zextu" {rF+ EV+5}
MPRegen 0.20/turn

%: no passive effects
@: about to teleport, wisp-form (expiring), heroic, finesse-ful, flying
A: insubstantial, flying, no casting, tiny
}: 2/15 runes: serpentine, barnacled
a: Renounce Religion, Heroism, Finesse, Duel


You were on level 3 of the Abyss.
You worshipped Okawaru.
Okawaru was extremely pleased with you.
You were an insubstantial wisp.
You visited 7 branches of the dungeon, and saw 32 of its levels.
You visited the Abyss 2 times.
You also visited: Sewer, Bailey, Ice Cave and Wizlab.

You collected 4085 gold pieces.
You spent 3656 gold pieces at shops.

Inventory:

Hand Weapons
 o - the +8 frozen axe "Frostbite" (melded) {freeze, freezing cloud, *Noise Fly rC+}
   (You acquired it on level 8 of the Dungeon)

   rC+:       It protects you from cold.
   Fly:       It grants you flight.
   *Noise:    It may make a loud noise when swung.
 w - a +5 flail of holy wrath
 C - a +2 spear of flaming
 G - a +0 broad axe
 W - a +5 antimagic executioner's axe
Missiles
 u - 10 throwing nets
 F - 9 javelins
 Q - 49 boomerangs
 Y - 14 silver javelins
Armour
 n - the +0 helmet of the Enchanted Forest (melded) {rElec rF++ rN+++ Int-4}
   (Okawaru gifted it to you on level 4 of the Lair of Beasts)

   Int-4:     It affects your intelligence (-4).
   rF++:      It greatly protects you from fire.
   rElec:     It insulates you from electricity.
   rN+++:     It renders you almost immune to negative energy.
 x - a +0 pair of boots (melded)
 M - the +7 plate armour of Impressiveness (melded) {*Slow rN+++ rCorr Str+2}
   (You bought it in a shop on level 4 of the Shoals)

   Str+2:     It affects your strength (+2).
   rN+++:     It renders you almost immune to negative energy.
   rCorr:     It protects you from acid and corrosion.
   *Slow:     It may slow you when you take damage.
 R - a +2 pair of gloves (melded)
 Z - the +1 cloak of Starlight (melded) {*Dazzle EV+4 Stlth--}
   (You found it on level 4 of the Lair of Beasts)

   *Dazzle:   It may blind those who miss an attack against the wearer in melee
   combat.
   EV+4:      It affects your evasion (+4).
   Stlth--:   It makes you much less stealthy.
Jewellery
 g - a ring of positive energy
 h - the ring "Zextu" (melded) {rF+ EV+5}
   (You bought it in a shop on level 4 of the Shoals)

   [ring of evasion]

   EV+5:      It affects your evasion (+5).
   rF+:       It protects you from fire.
 t - a ring of resist corrosion
 D - an amulet of reflection
 H - an amulet of regeneration (melded)
 L - a ring of poison resistance
 S - a ring of willpower
 X - the ring of the Tortoise (melded) {AC+8}
   (You bought it in a shop on level 2 of the Orcish Mines)

   [ring of protection]

   AC+8:      It affects your AC (+8).
Wands
 b - a wand of iceblast (1)
 f - a wand of flame (16)
 m - a wand of mindburst (15)
 V - a wand of digging (14)
Scrolls
 a - 7 scrolls of amnesia
 c - 3 scrolls of immolation
 d - 4 scrolls of blinking
 j - 11 scrolls of teleportation
 l - 6 scrolls of noise
 q - 6 scrolls of poison
 y - a scroll of vulnerability
 E - 16 scrolls of identify
 J - 3 scrolls of torment
 K - 3 scrolls of fog
 N - 4 scrolls of fear
Potions
 e - 3 potions of enlightenment
 i - 7 potions of heal wounds
 k - 9 potions of curing
 p - 4 potions of might
 r - 10 potions of brilliance
 s - 8 potions of haste
 v - 3 potions of magic
 z - 3 potions of berserk rage
 A - 2 potions of ambrosia
 B - 2 potions of lignification
 I - a potion of resistance
 O - a potion of cancellation
 P - 2 potions of invisibility
 T - 2 potions of mutation
Miscellaneous
 U - a lightning rod (4/4)


   Skills:
 + Level 20.4(25.4) Fighting
 - Level 0.1(5.2) Short Blades
 - Level 0.1(5.2) Long Blades
 - Level 24.0(27) Axes
 - Level 0.1(5.1) Staves
 - Level 4.1(9.1) Ranged Weapons
 - Level 10.0(15.0) Throwing
 + Level 10.8(15.8) Armour
 - Level 16.0(21.0) Dodging
 - Level 3.2(8.2) Shields
 - Level 0.1 Conjurations
 - Level 0.1 Hexes
 - Level 0.1 Summonings
 - Level 0.1 Necromancy
 - Level 0.1 Translocations
 - Level 0.1 Fire Magic
 - Level 0.1 Ice Magic
 - Level 0.1 Air Magic
 - Level 0.1 Earth Magic
 - Level 0.2 Poison Magic
 - Level 11.0 Invocations
 - Level 0.1 Evocations
 - Level 0.1 Shapeshifting


You had 18 spell levels left.
You didn't know any spells.
Your spell library contained the following spells:

 Spells                   Type           Power      Damage    Failure   Level
 Foxfire                  Conj/Fire      0%         2x1d4     38%         1
 Magic Dart               Conj           0%         1d3       38%         1
 Shock                    Conj/Air       0%         1d3       38%         1
 Sting                    Tmut/Pois      0%         1d3       38%         1
 Lesser Beckoning         Tloc           0%         N/A       52%         2
 Scorch                   Fire           0%         2d5       52%         2
 Poisonous Vapours        Pois/Air       0%         N/A       54%         2
 Static Discharge         Conj/Air       0%         3-3/arc   54%         2
 Sublimation of Blood     Necr           0%         N/A       54%         2
 Dazzling Flash           Conj/Hex       0%         N/A       77%         3
 Gell's Gravitas          Tloc           0%         N/A       77%         3
 Mephitic Cloud           Conj/Pois/Air  0%         N/A       77%         3
 Ozocubu's Armour         Ice            0%         N/A       77%         3
 Sigil of Binding         Hex            0%         N/A       77%         3
 Swiftness                Air            0%         N/A       77%         3
 Teleport Other           Tloc           0%         N/A       77%         3
 Airstrike                Air            0%         2d(0-16)  99%         4
 Dimensional Bullseye     Hex/Tloc       0%         N/A       99%         4
 Flame Wave               Conj/Fire      0%         2d4       99%         4
 Iskenderun's Mystic Bla  Conj/Tloc      0%         2d3       99%         4
 Leda's Liquefaction      Hex/Erth       0%         N/A       99%         4
 Olgreb's Toxic Radiance  Pois           0%         N/A       99%         4
 Petrify                  Tmut/Erth      0%         N/A       99%         4
 Sticky Flame             Conj/Fire      0%         2d3       99%         4
 Agony                    Necr           0%         N/A       100%        5
 Freezing Cloud           Conj/Ice/Air   0%         6-21      100%        5
 Irradiate                Conj/Tmut      0%         3d11      100%        5
 Iskenderun's Battlesphe  Conj           0%         2d6       100%        5
 Silence                  Hex/Air        0%         N/A       100%        5
 Bombard                  Conj/Erth      0%         9d1       100%        6
 Plasma Beam              Fire/Air       0%         2x1d10    100%        6
 Starburst                Conj/Fire      0%         6d3       100%        6
 Ozocubu's Refrigeration  Ice            0%         4d7       100%        7
 Call Imp                 Summ           Unusable   N/A       N/A         2
 Call Canine Familiar     Summ           Unusable   N/A       N/A         3
 Tukima's Dance           Hex            Unusable   N/A       N/A         3
 Animate Armour           Summ/Erth      Unusable   N/A       N/A         4
 Summon Lightning Spire   Summ/Air       Unusable   N/A       N/A         4
 Summon Cactus Giant      Summ           Unusable   N/A       N/A         6
 Spellforged Servitor     Conj/Summ      Unusable   N/A       N/A         7

Dungeon Overview and Level Annotations

Branches:
Dungeon (15/15)            Temple (1/1) D:5            Lair (5/5) D:10
 Shoals (4/4) Lair:3        Snake (4/4) Lair:2        Slime (0/5) Lair:5
    Orc (2/2) D:10            Elf (0/3) Orc:2        Vaults (1/5) D:14
 Depths (0/4) D:15          Sewer (visited)          Bailey (visited)
  IceCv (visited)          WizLab (visited)

Altars:
Ashenzari
Cheibriados
Dithmenos
Elyvilon
Fedhas
Gozag
Hepliaklqana
Kikubaaqudgha
Makhleb
Nemelex Xobeh
Okawaru
Qazlal
Ru
Sif Muna
Trog
Uskayaw
Vehumet
Wu Jian
Xom
Yredelemnul
Zin
The Shining One
Beogh
Jiyva

Shops:
D:5 (   D:15 (   Orc:2 =(!:   Shoals:1 =   Shoals:4 =!*!   Snake:2 =:
Snake:3 *   Snake:4 (   Vaults:1 [

Annotations:
Shoals:1 3 runed translucent doors, exclusion: obsidian statue, Pooter's ghost, journeyman MiBe


Message History

As you read the scroll of teleportation, it crumbles to dust.
You feel strangely unstable. The deep troll bites you!
The deep troll completely misses you. The deep troll misses you.
The ironbound preserver completely misses you.
The deep troll misses you. The deep troll closely misses you.
The deep troll claws you but does no damage.
The deep troll bites you but does no damage.
The deep troll claws you but does no damage.
The deep troll claws you.
The vault warden hits you with a +5 war axe of distortion!
You are cast into the Abyss!
To return, you must find a gate leading back.
Killing monsters will force the Abyss to allow you passage.
This branch contains the abyssal rune of Zot.
You are suddenly pulled into a different region of the Abyss!
A pearl dragon emerges from the beyond.
The pearl dragon roars deafeningly!
You feel more confident with your borrowed prowess.
Your transformation is almost over.
The pearl dragon breathes cleansing flame at you.
The blast of cleansing flame engulfs you!!
* * * LOW HITPOINT WARNING * * *
Unknown command.
Unknown command.
Blink to where?
Press: ? - help, Dir - move target, f - you
Okay, then.
As you read the scroll of teleportation, it crumbles to dust.
You feel strangely unstable.
You feel the power of the Abyss delaying your translocation!
You are engulfed in blessed fire.
* * * LOW HITPOINT WARNING * * *
You are engulfed in blessed fire.
The pearl dragon breathes cleansing flame at you.
The blast of cleansing flame misses you.
The pearl dragon breathes cleansing flame at you.
The blast of cleansing flame engulfs you!!
* * * LOW HITPOINT WARNING * * *
You are engulfed in blessed fire.
You die...

#.. ##...#
... #.#.#
#.#.#.###
#.##..§# #
#....#.
.....#.D###
#....##§§#
##...§§§##
#..#.§#v§§.#
#...#......#
#...
...##....
#......#.
..#
#...#.#.#..
##
..##.#.#.#..
## # . ### .


There were no monsters in sight!

Vanquished Creatures
  A Hellbinder (WizLab)
  Jorgrun (Shoals:3)
  Rupert (D:15)
  Frances (Snake:1)
  Polyphemus (Shoals:2)
  Roxanne (Shoals:1)
  Donald (Orc:2)
  Aizul (Snake:2)
  5 nagarajas
  The ghost of Quegolalo the Cloud Mage, an adept TeAE of Hepliaklqana (Snake:3)
  Louise (Snake:3)
  A balrug (WizLab)
  2 cacodemons (WizLab)
  An ironbound preserver (Vaults:1)
  2 very ugly things (IceCv)
  An ironbound thunderhulk (Vaults:1)
  A demonspawn black sun (WizLab)
  2 lorocyprocas (WizLab)
  Snorg (Orc:2)
  6 merfolk impalers
  2 merfolk javelineers
  A blizzard demon (WizLab)
  The ghost of Xavori the Nimble, a journeyman DjCK of Xom (Lair:2)
  A fire dragon (D:13)
  A vault guard (D:14)
  A hell beast (WizLab)
  3 great orbs of eyes (Vaults:1)
  Harold (D:9)
  7 salamander tyrants
  3 hydras
  Erolcha (Orc:2)
  3 caustic shrike simulacra (IceCv)
  2 ogre magi
  3 catoblepae
  6 centaur warriors
  4 alligator snapping turtles
  15 anacondas
  4 merfolk avatars
  The ghost of Sirjeffry24 the Orthodox, a journeyman HuFi of Zin (D:10)
  A dancing weapon (D:14)
  2 merfolk aquamancers (Shoals:4)
  4 two-headed ogres
  A satyr (Shoals:2)
  Erica (Orc:1)
  4 boulder beetles
  3 tengu warriors
  6 death yaks
  15 naga warriors
  A deep troll earth mage (D:15)
  Urug (D:10)
  A deep elf knight (D:15)
  6 shock serpents
  A thrashing horror (Snake:3)
  13 naga sharpshooters
  14 sea snakes
  4 skysharks
  5 skeletal warriors (D:14)
  A sixfirhy (WizLab)
  12 naga ritualists
  4 salamander mystics
  An arcanist (D:10)
  2 orange crystal statues (IceCv)
  3 deep trolls (Vaults:1)
  Pikel (D:4)
  2 ironbound convokers (Vaults:1)
  3 lindwurms (Vaults:1)
  4 orc knights
  2 deep elf pyromancers
  16 mana vipers
  9 ugly things
  31 harpies
  9 orc sorcerers (Orc:2)
  15 fauns
  A salamander (shapeshifter) (D:14)
  3 vault sentinels (Vaults:1)
  15 merfolk sirens
  10 cyclopes
  12 manticores
  3 smoke demons (WizLab)
  9 elephants (Lair:5)
  An ice statue (Shoals:1)
  Maurice (D:13)
  20 salamanders
  2 orange demons
  2 water nymphs
  Joseph (D:7)
  2 rust devils (WizLab)
  21 naga magi
  10 guardian serpents
  A torpor snail (Lair:5)
  47 black mambas
  3 hellions (WizLab)
  8 cane toads
  2 kobold demonologists (D:7)
  Jeremiah (D:8)
  7 komodo dragons
  3 rime drakes
  A rime drake (shapeshifter) (D:14)
  An anaconda simulacrum (IceCv)
  2 ice devils (WizLab)
  A golden dragon simulacrum (IceCv)
  4 freezing wraiths
  2 red devils (WizLab)
  8 trolls
  A tengu conjurer (D:13)
  A polar bear (D:10)
  6 wind drakes
  28 merfolk
  4 hellwings (WizLab)
  A wolf spider simulacrum (D:15)
  Grinder (D:4)
  4 alligator simulacra (IceCv)
  17 blink frogs
  4 hornets
  21 snapping turtles
  A polar bear (shapeshifter) (D:15)
  16 dream sheep
  13 slime creatures
  9 water elementals
  3 spriggans (D:10)
  A centaur simulacrum (D:15)
  A dire elephant simulacrum (IceCv)
  2 shadows (D:11)
  2 wraiths
  A ynoxinul (WizLab)
  A vampire (D:11)
  50 yaks
  8 wyverns
  6 basilisks
  4 neqoxecs (WizLab)
  Eustachio (D:6)
  2 fire elementals (D:14)
  Grum (D:8)
  4 steam dragons
  4 vampire mosquitoes (D:13)
  A chaos spawn (WizLab)
  Edmund (D:5)
  49 nagas
  An acid dragon (D:12)
  7 water moccasins
  Menkaure (D:4)
  2 hydra simulacra (IceCv)
  10 black bears
  An ice beast (D:6)
  28 orc warriors
  2 sky beasts
  4 ettin simulacra (IceCv)
  3 wolves (D:8)
  12 ogres
  5 boggarts (D:15)
  9 centaurs
  4 lemures (D:4)
  A phantom (D:5)
  4 kobold brigands
  12 bullfrogs
  2 scorpions
  3 gnoll sergeants
  4 wights (D:9)
  2 lindwurm simulacra (IceCv)
  9 electric eels
  2 howler monkeys
  4 gnoll boudas
  3 hounds
  12 orc priests
  3 jellies
  2 sleepcaps (D:6)
  4 iguanas
  29 orc wizards
  2 hell rats (Lair:2)
  39 gnolls
  19 adders
  5 river rats (Lair:2)
  4 shadow imps (D:7)
  6 white imps
  2 ufetubi (D:5)
  3 worms
  3 dart slugs
  72 orcs
  11 endoplasms
  6 giant cockroaches
  16 goblins
  18 hobgoblins
  10 jackals
  24 kobolds
  9 quokkas
  19 ball pythons
  3 bats
  8 frilled lizards
  9 rats
1236 creatures vanquished.

Vanquished Creatures (others)
  A slime creature (D:13)
  An orc (Orc:2)
2 creatures vanquished.

Grand Total: 1238 creatures vanquished

Notes
Turn   | Place    | Note
-------+----------+-------------------------------------------
     0 | D:1      | odbg100 the Hill Orc Fighter began the quest for the Orb.
     0 | D:1      | Reached XP level 1. HP: 19/19 MP: 1/1
   131 | D:1      | Reached skill level 3 in Axes
   132 | D:1      | Reached XP level 2. HP: 27/27 MP: 2/2
   335 | D:1      | Reached XP level 3. HP: 24/34 MP: 3/3
   796 | D:1      | Found a faded altar of an unknown god.
   929 | D:2      | Found a stormy altar of Qazlal.
   934 | D:2      | Reached skill level 4 in Axes
  1476 | D:3      | Reached XP level 4. HP: 41/41 MP: 4/4
  1514 | D:3      | Found a sacrificial altar of Ru.
  1646 | D:3      | Reached skill level 5 in Axes
  1673 | D:3      | Found a glowing drain.
  1677 | Sewer    | Entered a sewer
  1745 | Sewer    | Reached XP level 5. HP: 42/47 MP: 5/5
  1800 | Sewer    | Reached skill level 5 in Fighting
  1889 | Sewer    | Reached skill level 6 in Axes
  1890 | Sewer    | Reached skill level 7 in Axes
  1890 | Sewer    | Reached XP level 6. HP: 32/56 MP: 6/6
  2143 | D:3      | Noticed a black bear
  2154 | D:3      | Killed a black bear
  2299 | D:3      | Found a hide-covered altar of Uskayaw.
  2438 | D:4      | Noticed Menkaure
  2449 | D:4      | Killed Menkaure
  2450 | D:4      | Reached skill level 8 in Axes
  2450 | D:4      | Reached XP level 7. HP: 39/63 MP: 7/7
  2451 | D:4      | You fall into a shaft and drop 3 floors!
  2492 | D:6      | Noticed Eustachio
  2498 | D:6      | Reached skill level 9 in Axes
  2510 | D:6      | Found a stormy altar of Qazlal.
  2595 | D:6      | Reached skill level 10 in Axes
  2747 | D:6      | Reached XP level 8. HP: 70/70 MP: 8/8
  2962 | D:6      | Reached skill level 11 in Axes
  3130 | D:6      | Killed Eustachio
  3319 | D:6      | Found a radiant altar of Vehumet.
  3500 | D:6      | Reached skill level 12 in Axes
  3729 | D:6      | Identified the +12 long sword "Leviticus" {speed, rElec
                  | rPois rF+}
  4286 | D:5      | Entered Level 5 of the Dungeon
  4431 | D:5      | Identified the +0 chain mail of Vaef {Str+4}
  4461 | D:5      | Reached skill level 13 in Axes
  4551 | D:5      | Reached XP level 9. HP: 71/75 MP: 9/9
  4593 | D:5      | Found a shimmering altar of Xom.
  4595 | D:5      | Found a shimmering altar of Xom.
  4597 | D:5      | Found a shimmering altar of Xom.
  4597 | D:5      | Found a shimmering altar of Xom.
  4597 | D:5      | Found a shimmering altar of Xom.
  4597 | D:5      | Found a shimmering altar of Xom.
  4601 | D:5      | Found a shimmering altar of Xom.
  4719 | D:5      | Reached skill level 14 in Axes
  4878 | D:5      | Found Qaock's Weapon Boutique.
  4949 | D:5      | Found a staircase to the Ecumenical Temple.
  5372 | D:4      | Noticed Grinder
  5372 | D:4      | Noticed Pikel
  5373 | D:4      | Noticed Edmund
  5401 | D:5      | Killed Edmund
  5547 | D:4      | Killed Pikel
  5548 | D:4      | Reached skill level 15 in Axes
  5775 | D:4      | Found an opulent altar of Gozag.
  5881 | D:4      | Paralysed by Grinder for 2 turns
  5890 | D:4      | Killed Grinder
  5891 | D:4      | Reached skill level 16 in Axes
  5923 | D:4      | Found a sparkling altar of Nemelex Xobeh.
  6279 | Temple   | Entered the Ecumenical Temple
  6291 | Temple   | Became a worshipper of Warmaster Okawaru
  6422 | D:7      | Reached XP level 10. HP: 57/84 MP: 10/10
  6556 | D:7      | Found a transporter.
  6558 | D:7      | Noticed a kobold demonologist
  6565 | D:7      | Found a transporter.
  6576 | D:7      | Noticed a kobold demonologist
  6595 | D:7      | Reached skill level 1 in Invocations
  6637 | D:7      | Reached skill level 1 in Ranged Weapons
  7228 | D:7      | Noticed Joseph
  7246 | D:7      | Killed Joseph
  7246 | D:7      | Reached * piety under Okawaru
  7785 | D:7      | Reached skill level 5 in Armour
  8034 | D:7      | Noticed a sixfirhy
  8034 | D:7      | Killed a kobold demonologist
  8043 | D:7      | Killed a kobold demonologist
  8140 | D:8      | Found a flagged portal.
  8150 | D:8      | Reached ** piety under Okawaru
  8165 | Bailey   | Entered a bailey
  8227 | Bailey   | Noticed an orc knight
  8239 | Bailey   | Killed an orc knight
  8246 | Bailey   | Reached skill level 5 in Invocations
  8464 | Bailey   | Noticed an orc knight
  8490 | Bailey   | Killed an orc knight
  8683 | Bailey   | Noticed an orc warlord
  8702 | Bailey   | Reached XP level 11. HP: 95/95 MP: 15/15
  8863 | D:8      | Acquired 921 gold pieces
  8865 | D:8      | Acquired the +8 frozen axe "Frostbite" {freeze, freezing
                  | cloud, *Noise Fly rC+}
  8865 | D:8      | Found the +8 frozen axe "Frostbite" {freeze, freezing
                  | cloud, *Noise Fly rC+}
  8998 | D:8      | Found a hazy altar of Hepliaklqana.
  9033 | D:8      | Noticed Grum
  9038 | D:8      | Killed Grum
  9038 | D:8      | Reached *** piety under Okawaru
  9059 | D:8      | Found a blossoming altar of Fedhas.
  9111 | D:8      | Noticed Jeremiah
  9157 | D:8      | Killed Jeremiah
  9518 | D:8      | Found a shadowy altar of Dithmenos.
  9961 | D:9      | Noticed Harold
  9969 | D:9      | Killed Harold
 10023 | D:9      | Reached **** piety under Okawaru
 10024 | D:9      | Reached skill level 17 in Axes
 10693 | D:10     | Entered Level 10 of the Dungeon
 10705 | D:10     | Found a staircase to the Lair.
 10705 | D:10     | Noticed a death yak
 10724 | D:10     | Killed a death yak
 10791 | D:10     | Noticed Urug
 10791 | D:10     | Noticed an arcanist
 10828 | D:10     | Killed an arcanist
 10829 | D:10     | Reached skill level 10 in Invocations
 10830 | D:10     | Killed Urug
 10909 | D:10     | Found a runed translucent door.
 10910 | D:10     | Noticed Sirjeffry24's ghost (journeyman HuFi)
 10910 | D:10     | Noticed a spriggan rider
 10911 | D:10     | Identified the +4 spear of Goenaith {flame, rPois rC++
                  | Will- SInv}
 10938 | D:10     | Found a staircase to the Orcish Mines.
 10942 | D:10     | Reached XP level 12. HP: 100/103 MP: 19/19
 11195 | D:10     | Reached skill level 18 in Axes
 11198 | D:10     | Killed Sirjeffry24's ghost
 11200 | D:10     | Reached ***** piety under Okawaru
 11422 | D:11     | Identified the staff of Defilement {Will+ Conj}
 11459 | D:11     | Noticed a two-headed ogre
 11464 | D:11     | Killed a two-headed ogre
 11465 | D:11     | Reached skill level 10 in Fighting
 11726 | D:11     | Noticed a boulder beetle
 11736 | D:11     | Killed a boulder beetle
 11741 | D:11     | Received a gift from Okawaru
 11995 | D:11     | Noticed a two-headed ogre
 12000 | D:11     | Killed a two-headed ogre
 12071 | D:11     | Noticed a boulder beetle
 12079 | D:11     | Killed a boulder beetle
 12358 | D:12     | Identified the +4 war axe of Origacis {heavy, Str-5 Int+2
                  | Dex+4}
 12377 | D:12     | Noticed a boulder beetle
 12393 | D:12     | Killed a boulder beetle
 12433 | D:12     | Identified the +4 spear "Tormentor" {freeze, Fly rC++ rN+}
 12528 | D:12     | Noticed a centaur warrior
 12540 | D:12     | Killed a centaur warrior
 12624 | D:12     | Received a gift from Okawaru
 12646 | D:12     | Noticed a boulder beetle
 12851 | D:14     | Identified the "Kemniz"
 12851 | D:15     | Identified the "Gofusk"
 12851 | Lair:1   | Entered Level 1 of the Lair of Beasts
 12941 | Lair:1   | Reached XP level 13. HP: 114/124 MP: 21/21
 13042 | Lair:1   | Reached skill level 15 in Fighting
 13172 | Lair:1   | Reached skill level 1 in Dodging
 13608 | Lair:2   | Found a runed translucent door.
 13608 | Lair:2   | Noticed Xavori's ghost (journeyman DjCK)
 14227 | Lair:2   | You are sucked into a shaft and drop 2 floors!
 14247 | Lair:4   | Received a gift from Okawaru
 14485 | Lair:2   | Found a staircase to the Snake Pit.
 14756 | Lair:2   | Killed Xavori's ghost
 15408 | Lair:3   | Reached skill level 5 in Dodging
 15485 | Lair:3   | Found a staircase to the Shoals.
 16064 | Lair:4   | Reached skill level 10 in Armour
 16065 | Lair:4   | Received a gift from Okawaru
 16079 | Lair:4   | Reached XP level 14. HP: 99/135 MP: 22/22
 16555 | Lair:4   | Found the +1 cloak of Starlight {*Dazzle EV+4 Stlth--}
 16588 | Lair:4   | Reached ****** piety under Okawaru
 16591 | Lair:4   | Acquired the +0 helmet of the Enchanted Forest {rElec rF++
                  | rN+++ Int-4}
 16591 | Lair:4   | Received a gift from Okawaru
 16932 | Lair:4   | Acquired a +3 antimagic executioner's axe
 16932 | Lair:4   | Received a gift from Okawaru
 16956 | Lair:5   | Entered Level 5 of the Lair of Beasts
 17051 | Lair:5   | Received a gift from Okawaru
 17234 | Lair:5   | Paralysed by a hornet for 2 turns
 17451 | Lair:5   | Received a gift from Okawaru
 17653 | Lair:5   | Found a viscous altar of Jiyva.
 17654 | Lair:5   | Found a staircase to the Slime Pits.
 17709 | Lair:5   | Identified the +0 trident "Acluku" {venom, rN++ Will+
                  | Int-5}
 17745 | Lair:5   | Found the +8 demon blade "Leech" {evervamp, Harm Drain rN+}
 18056 | Orc:1    | Entered Level 1 of the Orcish Mines
 18097 | Orc:1    | Noticed Erica
 18114 | Orc:1    | Killed Erica
 18115 | Orc:1    | Reached skill level 10 in Dodging
 18425 | Orc:1    | Found a roughly hewn altar of Beogh.
 18479 | Orc:2    | Entered Level 2 of the Orcish Mines
 18479 | Orc:2    | Noticed Donald
 18532 | Orc:2    | Killed Donald
 18545 | Orc:2    | Found a staircase to the Elven Halls.
 18546 | Orc:2    | Noticed Snorg
 18557 | Orc:2    | Killed Snorg
 18690 | Orc:2    | Noticed Erolcha
 18987 | Orc:2    | Found a gate leading to a gauntlet.
 19030 | Orc:2    | Killed Erolcha
 19030 | Orc:2    | Received a gift from Okawaru
 19034 | Orc:2    | Found Fobezud's Jewellery Emporium.
 19049 | Orc:2    | Reached XP level 15. HP: 143/143 MP: 23/23
 19049 | Orc:2    | Found an ancient bone altar of Kikubaaqudgha.
 19063 | Orc:2    | Reached skill level 19 in Axes
 19085 | Orc:2    | Found a radiant altar of Vehumet.
 19126 | Orc:2    | Found Peacwima's Antique Weapon Shoppe.
 19264 | Orc:2    | Bought a ring of poison resistance for 240 gold pieces
 19303 | Orc:2    | Found a roughly hewn altar of Beogh.
 19303 | Orc:2    | Found Unnaalank's Distillery.
 19334 | Orc:2    | Found Lapnokan's Book Emporium.
 19738 | Orc:2    | Bought the ring of the Tortoise {AC+8} for 1536 gold pieces
 19738 | Orc:2    | Found the ring of the Tortoise {AC+8}
 20345 | D:13     | Noticed Maurice
 20363 | D:13     | Something stole 375 gold
 20374 | D:13     | Killed Maurice
 20724 | D:13     | Received a gift from Okawaru
 20959 | D:14     | Reached skill level 20 in Axes
 20993 | D:14     | Found a gate to the Vaults.
 21391 | D:14     | Received a gift from Okawaru
 21762 | D:15     | Entered Level 15 of the Dungeon
 21762 | D:15     | Found Famuschi's Weapon Boutique.
 21855 | D:15     | Identified the +6 quarterstaff of Cuh Ragg {venom, rN+
                  | rCorr}
 22045 | D:15     | Found a staircase to the Depths.
 22099 | D:15     | Noticed Rupert
 22112 | D:15     | Killed Rupert
 22390 | D:15     | Received a gift from Okawaru
 22396 | D:15     | Reached skill level 21 in Axes
 22724 | Snake:1  | Entered Level 1 of the Snake Pit
 22734 | Snake:1  | Reached XP level 16. HP: 144/157 MP: 21/24
 22801 | Snake:1  | Noticed Frances
 22826 | Snake:1  | Killed Frances
 23094 | Snake:1  | Received a gift from Okawaru
 23310 | Snake:1  | You are sucked into a shaft and drop 1 floor!
 23316 | Snake:2  | Reached skill level 22 in Axes
 23462 | Snake:2  | Received a gift from Okawaru
 23703 | Snake:2  | Noticed a nagaraja
 23716 | Snake:2  | Killed a nagaraja
 23784 | Snake:2  | Identified the serpent talisman "Xanoisuq" {rN++ Int+4
                  | Slay-2}
 23784 | Snake:2  | Noticed Aizul
 23794 | Snake:2  | Killed Aizul
 24172 | Snake:2  | Received a gift from Okawaru
 24267 | Snake:2  | Found Hodiles's Jewellery Boutique.
 24267 | Snake:2  | Found Sekkusm's Book Emporium.
 24268 | Snake:2  | Found Luaq's Jewellery Boutique.
 24688 | Snake:3  | Identified the of Baesek
 24688 | Snake:3  | Noticed Louise
 24699 | Snake:3  | Reached skill level 23 in Axes
 24703 | Snake:3  | Reached XP level 17. HP: 105/170 MP: 25/25
 24894 | Snake:3  | Noticed Quegolalo's ghost (adept TeAE)
 24914 | Abyss:3  | Cast into level 3 of the Abyss (Louise)
 24972 | Abyss:3  | Noticed a tentacled starspawn
 24975 | Snake:3  | Escaped the Abyss
 24995 | Snake:3  | Killed Louise
 24996 | Snake:3  | Found a runed translucent gate.
 24996 | Snake:3  | Found a runed translucent gate.
 24996 | Snake:3  | Found a runed translucent gate.
 25053 | Snake:3  | Received a gift from Okawaru
 25061 | Snake:3  | Reached skill level 24 in Axes
 25072 | Snake:3  | Reached skill level 1 in Throwing
 25352 | Snake:3  | Killed Quegolalo's ghost
 25549 | Snake:3  | Found Eshifun's General Store.
 25557 | Snake:3  | Bought a scroll of fog for 60 gold pieces
 25736 | Snake:4  | Entered Level 4 of the Snake Pit
 25787 | Snake:4  | Found Ykesikhlo's Firing Range.
 25820 | Snake:4  | Received a gift from Okawaru
 25960 | Snake:4  | Reached skill level 5 in Throwing
 26309 | Snake:4  | Received a gift from Okawaru
 26531 | Snake:4  | Reached XP level 18. HP: 148/178 MP: 26/26
 26704 | Snake:4  | Received a gift from Okawaru
 26805 | Snake:4  | Got a serpentine rune of Zot
 27407 | IceCv    | Identified the "Esmib"
 27407 | Shoals:1 | Entered Level 1 of the Shoals
 27562 | Shoals:1 | Found Laugitou's Jewellery Emporium.
 27627 | Shoals:1 | Noticed Roxanne
 27910 | Shoals:1 | Found a frozen archway.
 27922 | IceCv    | Entered an ice cave
 28109 | IceCv    | Identified the +0 tower shield of Valiance {rN+ Int+3}
 28599 | Shoals:1 | Found a runed translucent gate.
 28599 | Shoals:1 | Found a runed translucent gate.
 28599 | Shoals:1 | Found a runed translucent gate.
 28600 | Shoals:1 | Found an opulent altar of Gozag.
 28601 | Shoals:1 | Noticed Pooter's ghost (journeyman MiBe)
 28867 | Shoals:2 | Noticed Polyphemus
 29317 | Shoals:1 | Killed Roxanne
 29425 | Shoals:2 | Received a gift from Okawaru
 29451 | Shoals:2 | Killed Polyphemus
 29609 | Shoals:2 | Reached skill level 10 in Throwing
 30083 | Shoals:2 | Reached XP level 19. HP: 185/185 MP: 27/27
 30295 | Shoals:3 | Noticed Jorgrun
 30308 | Shoals:3 | Killed Jorgrun
 30618 | Shoals:3 | Received a gift from Okawaru
 31087 | Shoals:4 | Entered Level 4 of the Shoals
 31173 | Shoals:4 | Found Ataepent's Jewellery Shoppe.
 31185 | Shoals:4 | Found Obiasom's Distillery.
 31188 | Shoals:4 | Bought the ring "Zextu" {rF+ EV+5} for 700 gold pieces
 31203 | Shoals:4 | Found Tuesorcha's Assorted Antiques.
 31215 | Shoals:4 | Bought a polished plate armour for 1120 gold pieces
 31215 | Shoals:4 | Identified the +7 plate armour of Impressiveness {*Slow
                  | rN+++ rCorr Str+2} (You bought it in a shop on level 4 of
                  | the Shoals)
 31493 | Shoals:4 | Identified the +3 dagger of Tirhug {antimagic, Int+5}
 31542 | Shoals:4 | Found Cokig's Distillery.
 31652 | Shoals:4 | Reached skill level 15 in Dodging
 31736 | Shoals:4 | Got a barnacled rune of Zot
 32698 | WizLab   | Identified the "Ciclom"
 32698 | Vaults:1 | Entered Level 1 of the Vaults
 32752 | Vaults:1 | Found Ysuggif's Antique Armour Shop.
 32894 | Vaults:1 | Found a magical portal.
 32903 | WizLab   | Entered The Hall of the Hellbinder
 32918 | WizLab   | Received a gift from Okawaru
 33139 | WizLab   | Noticed Qunn
 33154 | WizLab   | Killed Qunn the Hellbinder
 33161 | WizLab   | Found a burning altar of Makhleb.
 33174 | WizLab   | Identified the +0 cloak of the Trombone {rN+}
 33201 | WizLab   | Identified the +1 cloak "Woofic" {+Inv rPois rN++ Dex-5}
 33202 | WizLab   | Identified the ring of Huliss {Fire Dex+2 Stlth+}
 33528 | Abyss:3  | Cast into level 3 of the Abyss (vault warden)
 33536 | Abyss:3  | Noticed a pearl dragon
 33543 | Abyss:3  | HP: 2/187 [pearl dragon/blast of cleansing flame (23)]
 33544 | Abyss:3  | Engulfed by a pearl dragon's blessed fire

Illustrated notes

Levels and vault maps discovered:
D:1:      dpeg_arrival_rhombi, layout_basic, dilly_ecumenical_altar_fadedgnrine,
          chequers_hall_statues_wall_a, nicolae_concentric_dashed_squares_mild,
          nicolae_titane
D:2:      layout_rooms, basic_altar
D:3:      layout_rooms, nicolae_uskayaw_dance_hall, nicolae_ru_awakened_eye,
          gup_sewer_entry_spiral
D:4:      layout_basic, overflow_temple_1_default, nemelex_diamond_rough_becter,
          minmay_snake_closets, uniq_grinder, uniq_menkaure, uniq_edmund,
          uniq_pikel
D:5:      layout_loops_corners, nicolae_xom_altar_mimics,
          minmay_temple_entry_hall, serial_shops, nicolae_shop_window_shopping
D:6:      layout_basic, mainiacjoe_overflow_large_starburst,
          minmay_increasing_density, uniq_eustachio
D:7:      gammafunk_wand_slinger, layout_basic, minmay_misc_feat_secret_circle,
          uniq_joseph
D:8:      layout_rooms, riverfiend_overflow_shadow_ancestor, marbit_many_paths,
          enter_bailey_5, uniq_jeremiah, uniq_grum
D:9:      layout_irregular_city, uniq_harold
D:10:     layout_rooms, david_lair_generic, orc_0_dummy,
          ebering_ghost_funeral_grove, uniq_urug
D:11:     layout_irregular_city, serial_bayou, serial_bayou_shore_b,
          serial_bayou_pond_e, serial_bayou_pond_e, serial_bayou_lake_a,
          minmay_fractal_squares_5
D:12:     layout_long_grid, minmay_misc_feat_encased
D:13:     layout_basic, uniq_maurice
D:14:     layout_loops_corners, erik_vaults_1, kennysheep_doodads,
          minmay_splitting_lines
D:15:     hellmonk_depths_entry_around_the_bend, layout_gridville,
          serial_bayou_pond_d, serial_shops, shop, grunt_ministairs_7,
          uniq_rupert
Temple:   nicolae_temple_ecumenical_triangle
Lair:1:   layout_chaotic_city
Lair:2:   layout_small_grid, alex1729_snake_entry_snake,
          hellmonk_ghost_happy_afterlife, serial_bayou, serial_bayou_lagoon_a,
          serial_bayou_lagoon_b, serial_bayou_ford_a, serial_bayou_pond_a,
          kennysheep_rathole
Lair:3:   layout_layer_cave, minmay_shoals_entry_beasts,
          hangedman_lair_unloving_vines
Lair:4:   layout_cave_pods, st_stairs_12, beast_lair_carwin_8
Lair:5:   gammafunk_lair_ancient_temple, layout_regular_city,
          dpeg_slime_entry_enclosed, dreamdust_deal_with_the_devil
Shoals:1: layout_shoals, ebering_ghost_gozag,
          portal_ice_cave_entry_ice_statue_one, serial_shops, shop, uniq_roxanne
Shoals:2: layout_shoals, uniq_polyphemus
Shoals:3: layout_shoals, uniq_jorgrun
Shoals:4: shoals_end_hangedman, layout_shoals, serial_shops, shop, shop,
          nicolae_diamond_shop, nicolae_shop_pleasant_corner_grove
Snake:1:  layout_misc_corridors, uniq_frances
Snake:2:  layout_layer_cave, minmay_shop_grove, uniq_aizul
Snake:3:  layout_rooms, gammafunk_ghost_split, serial_shops,
          nicolae_shop_tiny_statue_garden, uniq_louise
Snake:4:  grunt_snake_rune_serpentine_throne, layout_cave_town,
          nicolae_snake_gridmaze_entwining, nicolae_shop_firing_range
Orc:1:    layout_diamond_mine, lightli_church_of_beogh, uniq_erica
Orc:2:    kennysheep_orc_mage_school, layout_caves, gauntlet_entry_generic,
          uniq_erolcha, uniq_donald, uniq_snorg
Vaults:1: infiniplex_enter_wizlab_water, nicolae_vaults_shelves_hall,
          nicolae_vaults_closet_pinwheel_4, v_rooms_5, v_misc_11,
          nicolae_vaults_sesquioval_fish, nicolae_vaults_more_shelving_1,
          layout_vaults_quadrants, serial_shops, shop
Abyss:3:  base: Gauntlet, minivault_27, hangedman_classic_abyss_death, base:
          D:15, evilmike_abyss_exit_mutagenic, hangedman_abyss_or_decor_stagger,
          hangedman_abyss_or_decor_passed

Skill      XL: |  1  2  3  4  5  6  7  8  9 10 11 12 13 14 15 16 17 18 19 |
---------------+----------------------------------------------------------+-----
Fighting       | 4 5 6 8 14 15 18 20 | 20.4
Axes           | 3 4 5 7 8 10 13 16 17 18 21 23 24 | 24.0
Armour         | 4 6 10 | 10.8
Invocations    | 5 10 11 | 11.0
Ranged Weapons | 3 4 |  4.1
Dodging        | 5 10 11 13 16 | 16.0
Throwing       | 6 10 | 10.0
Short Blades   | |  0.1
Long Blades    | |  0.1
Staves         | |  0.1
Shields        | |  3.2
Conjurations   | |  0.1
Hexes          | |  0.1
Summonings     | |  0.1
Necromancy     | |  0.1
Translocations | |  0.1
Fire Magic     | |  0.1
Ice Magic      | |  0.1
Air Magic      | |  0.1
Earth Magic    | |  0.1
Poison Magic   | |  0.2
Evocations     | |  0.1
Shapeshifting  | |  0.1

Action                     |  1- 3 |  4- 6 |  7- 9 | 10-12 | 13-15 | 16-18 | 19-21 || total
---------------------------+-------+-------+-------+-------+-------+-------+-------++-------
  Melee: War axe           |   104 |   150 |   250 |   173 |       |       |       ||   677
         Flail             |       |       |    31 |       |    17 |       |       ||    48
         Executioner's axe |       |       |       |   225 |   734 |   804 |   351 ||  2114
         Unarmed           |       |       |       |       |       |       |    23 ||    23
  Throw: Javelin           |       |       |       |    21 |       |     4 |       ||    25
 Invoke: Heroism           |       |       |       |    11 |     9 |    23 |     9 ||    52
         Finesse           |       |       |       |     3 |     4 |     4 |     4 ||    15
         Receive Weapon    |       |       |       |       |     1 |       |       ||     1
         Receive Armour    |       |       |       |       |     1 |       |       ||     1
  Evoke: Wand              |       |       |       |    13 |     5 |       |       ||    18
    Use: Scroll            |     6 |     1 |     3 |    18 |    10 |     8 |     2 ||    48
         Potion            |       |     3 |     1 |     4 |     1 |     6 |     2 ||    17
   Stab: Invisible         |       |       |       |       |     7 |    32 |    14 ||    53
         Petrified         |       |       |       |       |       |     2 |       ||     2
         Petrifying        |       |       |       |       |       |     1 |       ||     1
 Armour: Scale mail        |    77 |   155 |   110 |       |       |       |       ||   342
         Chain mail        |       |       |   104 |   132 |       |       |       ||   236
         Plate armour      |       |       |       |   337 |   684 |   826 |   242 ||  2089
         Skin              |       |       |       |     1 |       |       |    39 ||    40
  Dodge: Dodged            |    58 |    91 |   106 |   140 |   417 |   650 |   378 ||  1840
  Block: Buckler           |    29 |    35 |    61 |    32 |       |       |       ||   157

Table legend: (Time is in decaauts)
 A = Elapsed time spent in this place.
 B = Non-inter-level travel time spent in this place.
 C = Inter-level travel time spent in this place.
 D = Time resting spent in this place.
 E = Time spent auto-exploring this place.
 F = Levels seen in this place.
 G = Mean time per level.
                   A        B        C        D        E       F      G
               +--------+--------+--------+--------+--------+-----+--------+
         Total |  33203 |  26671 |   6532 |    110 |  19497 |  38 |  873.8 |
       Dungeon |  14964 |  12401 |   2563 |    100 |   9804 |  15 |  997.6 |
        Temple |     21 |      3 |     18 |      0 |      0 |   1 |   21.0 |
          Lair |   5545 |   4680 |    865 |      0 |   3813 |   5 | 1109.0 |
        Shoals |   4298 |   2450 |   1848 |      0 |   1406 |   4 | 1074.5 |
     Snake Pit |   4367 |   3850 |    517 |      0 |   2899 |   4 | 1091.8 |
  Orcish Mines |   1708 |   1253 |    455 |      0 |    875 |   2 |  854.0 |
        Vaults |    397 |    133 |    264 |      0 |     14 |   1 |  397.0 |
         Abyss |     75 |     75 |      0 |      0 |      3 |   2 |   37.5 |
         Sewer |    419 |    419 |      0 |      0 |    121 |   1 |  419.0 |
        Bailey |    644 |    644 |      0 |      0 |    364 |   1 |  644.0 |
      Ice Cave |    381 |    381 |      0 |      0 |    198 |   1 |  381.0 |
        Wizlab |    377 |    377 |      0 |     10 |      0 |   1 |  377.0 |
               +--------+--------+--------+--------+--------+-----+--------+

Top non-repeatable levels by time:
     D:6: 2134 daAuts
 Snake:2: 1688 daAuts
     D:7: 1435 daAuts
Shoals:1: 1404 daAuts
  Lair:2: 1392 daAuts
  Lair:3: 1321 daAuts
   Orc:2: 1231 daAuts
Shoals:4: 1188 daAuts
    D:11: 1177 daAuts
 Snake:4: 1172 daAuts
     D:5: 1141 daAuts
  Lair:4: 1130 daAuts
     D:9: 1078 daAuts
  Lair:5: 939 daAuts
    D:14: 936 daAuts
